 Dungeon Crawl Stone Soup version 0.27-a0-951-gae3e1deef5 (webtiles) character file.

Game seed: 11523182180635378744

75 dolemite99 the Chopper (level 4, -3/37 HPs)
             Began as a Hill Orc Warper on Apr 12, 2021.
             Slain by an orc
             ... wielding a +0 trident
              (7 damage)
             ... on level 3 of the Dungeon.
             The game lasted 00:02:20 (3102 turns).

dolemite99 the Chopper (Hill Orc Warper)            Turns: 3102, Time: 00:02:21

Health: -3/37      AC:  5    Str: 14    XL:     4   Next: 31%
Magic:  6/6        EV: 10    Int: 13    God:
Gold:   95         SH:  0    Dex: 10    Spells: 6/6 levels left

rFire    . . .     SeeInvis .   a - +0 hand axe
rCold    . . .     Faith    .   (no shield)
rNeg     . . .     Spirit   .   e - +0 ring mail
rPois    .         Reflect  .   (no helmet)
rElec    .         Harm     .   (no cloak)
rCorr    .         Rampage  .   (no gloves)
Will     .....                  (no boots)
Stlth    ..........             (no amulet)
HPRegen  0.12/turn              (no ring)
MPRegen  0.10/turn              (no ring)

@: no status effects
A: no striking features
a: no special abilities


You were on level 3 of the Dungeon.
You visited 1 branch of the dungeon, and saw 3 of its levels.

You collected 95 gold pieces.

Inventory:

Hand Weapons
 a - a +0 hand axe (weapon)
 m - a +0 hunting sling
Missiles
 c - 17 sling bullets
Armour
 b - a +0 leather armour
 e - a +0 ring mail (worn)
Jewellery
 f - a +6 ring of strength
Potions
 i - a potion of haste {unknown}
 l - a potion of brilliance {unknown}


   Skills:
 - Level 2.4 Fighting
 + Level 5.9 Axes
 - Level 0.8 Throwing
 - Level 1.1 Armour
 - Level 1.5 Dodging
 - Level 1.5 Spellcasting
 - Level 2.4 Translocations


You had 6 spell levels left.
You didn't know any spells.
Your spell library contained the following spells:

 Spells                   Type           Power      Damage    Failure   Level
 Blink                    Tloc           N/A        N/A       30%         2
 Gell's Gravitas          Tloc           3%         N/A       52%         3
 Lesser Beckoning         Tloc           3%         N/A       52%         3
 Teleport Other           Tloc           7%         N/A       52%         3
 Confusing Touch          Hex            1%         N/A       86%         3
 Petrify                  Tmut/Erth      1%         N/A       99%         4
 Manifold Assault         Tloc           7%         N/A       99%         5
 Metabolic Englaciation   Hex/Ice        0%         N/A       100%        5
 Yara's Violent Unravell  Hex/Tmut       0%         3d3       100%        5


Dungeon Overview and Level Annotations

Branches:
Dungeon (3/15)

Altars:


Message History

You closely miss something.
You hear some strange, mumbled words.
You are confused.
The orc hits you from afar with a +0 trident.
You closely miss something.
You hear some strange, mumbled words.
A puff of flame appears from out of thin air!
The puff of flame hits you but does no damage.
The orc hits you from afar with a +0 trident.
You closely miss something. Something hits you but does no damage.
The orc hits you but does no damage.
You closely miss something. Something hits you but does no damage.
The orc hits you but does no damage.
You completely miss something.
You hear some strange, mumbled words.
A magic dart appears from out of thin air!
The magic dart hits you but does no damage.
The orc hits you but does no damage.
You nearly hit yourself!
You feel less wooden.
Your +0 ring mail unmelds from your body.
You feel less confused.
The orc hits you from afar with a +0 trident!
Something hits you but does no damage.
You miss something. Something hits you. The orc closely misses you.
You hit something but do no damage. Something hits you but does no damage.
The orc hits you but does no damage.
You hit something but do no damage. Something hits you.
* * * LOW HITPOINT WARNING * * *
The orc hits you from afar with a +0 trident.
* * * LOW HITPOINT WARNING * * *
You hit something but do no damage.
You hear some strange, mumbled words.
Something tries to affect you, but you resist.
The orc closely misses you.
You hit something.
Reactivating autopickup.
You feel a bit more experienced.
The orc hits you from afar with a +0 trident!
You die...

#.....<#...#
#..##..#...#
#.†....>..#
#.##........
#......#####
#......#..#
#.....o...#
##.###)#)##
#....)@.#
#########


You could see an orc.

Vanquished Creatures
  An orc wizard (D:3)
  An adder (D:2)
  A worm (D:2)
  A dart slug (D:1)
  3 orcs (D:3)
  6 ball pythons
  5 bats
  6 endoplasms
  4 giant cockroaches
  5 goblins
  4 hobgoblins (D:1)
  4 jackals
  2 quokkas (D:1)
  A frilled lizard (D:1)
  4 kobolds (D:1)
  3 rats
51 creatures vanquished.

Notes
Turn   | Place    | Note
-------+----------+-------------------------------------------
     0 | D:1      | dolemite99 the Hill Orc Warper began the quest for the Orb.
     0 | D:1      | Reached XP level 1. HP: 18/18 MP: 3/3
    15 | D:1      | Reached skill level 3 in Axes
   152 | D:1      | Reached XP level 2. HP: 10/25 MP: 4/4
   569 | D:1      | Reached skill level 4 in Axes
  1306 | D:1      | Reached XP level 3. HP: 28/30 MP: 5/5
  1564 | D:1      | Reached skill level 5 in Axes
  2379 | D:2      | Reached XP level 4. HP: 36/37 MP: 6/6
  2520 | D:2      | Noticed a phantom
  3102 | D:3      | Slain by an orc

Illustrated notes

Levels and vault maps discovered:
D:1:      shiori_arrival_maze, layout_loops_cross, chequers_serial_rivers_marsh
D:2:      layout_loops_cross
D:3:      layout_basic, hellmonk_ecumenical_altar_inner_sanctum,
          serial_bayou_lagoon_a, saegor_snake_ambush

Skill      XL: |  1  2  3 |
---------------+----------+-----
Axes           | 3 4 5 |  5.9
Fighting       | |  2.4
Throwing       | |  0.8
Armour         | |  1.1
Dodging        | |  1.5
Spellcasting   | |  1.5
Translocations | |  2.4

Action                   |  1- 3 |  4- 6 || total
-------------------------+-------+-------++-------
Melee: Hand axe          |    83 |    44 ||   127
Throw: Boomerang         |     5 |       ||     5
       Javelin           |    33 |     3 ||    36
  Use: Scroll            |       |     5 ||     5
       Potion            |       |     1 ||     1
Armor: Leather armour    |     5 |       ||     5
       Ring mail         |    30 |    18 ||    48
       Skin              |       |    37 ||    37
Dodge: Dodged            |    44 |    15 ||    59

Table legend: (Time is in decaauts)
 A = Elapsed time spent in this place.
 B = Non-inter-level travel time spent in this place.
 C = Inter-level travel time spent in this place.
 D = Time resting spent in this place.
 E = Time spent auto-exploring this place.
 F = Levels seen in this place.
 G = Mean time per level.
                   A        B        C        D        E       F      G
               +--------+--------+--------+--------+--------+-----+--------+
         Total |   3129 |   3093 |     36 |   1389 |   1249 |   3 | 1043.0 |
       Dungeon |   3129 |   3093 |     36 |   1389 |   1249 |   3 | 1043.0 |
               +--------+--------+--------+--------+--------+-----+--------+

Top non-repeatable levels by time:
     D:1: 1988 daAuts
     D:2: 1061 daAuts
     D:3: 79 daAuts
